 Dungeon Crawl Stone Soup version 0.18.1-50-g88ac8fd (webtiles) character file.

127 magog001 the Shield-Bearer (level 4, -2/41 HPs)
             Began as a Minotaur Fighter on Aug 28, 2017.
             Slain by a jackal (3 damage)
             ... on level 3 of the Dungeon.
             The game lasted 00:07:07 (1320 turns).

magog001 the Shield-Bearer (Minotaur Fighter)       Turns: 1320, Time: 00:07:09

Health: -2/41      AC:  7    Str: 26    XL:     4   Next: 85%
Magic:  3/3        EV:  8    Int:  5    God:
Gold:   81         SH: 10    Dex: 10    Spells: 0 memorised, 3 levels left

rFire  . . .     SeeInvis .     a - +0 war axe
rCold  . . .     Gourm    .     b - +0 scale mail
rNeg   . . .     Faith    .     c - +0 shield
rPois  .         Spirit   .     (helmet restricted)
rElec  .         Dismiss  .     (no cloak)
rCorr  .         Reflect  .     (no gloves)
SustAt .         Harm     .     (no boots)
MR     .....                    (no amulet)
Stlth  ..........               (no ring)
                                (no ring)

@: mighty, not resistant to hostile enchantments, extremely unstealthy
A: retaliatory headbutt, horns 2
a: no special abilities


You were on level 3 of the Dungeon.
You were hungry.

You visited 1 branch of the dungeon, and saw 3 of its levels.

You collected 81 gold pieces.

Inventory:

Hand Weapons
 a - a +0 war axe (weapon)
Missiles
 h - 59 stones (quivered)
 p - 4 tomahawks
 q - 19 sling bullets
Armour
 b - a +0 scale mail (worn)
 c - a +0 shield (worn)
Scrolls
 e - a scroll of remove curse {unknown}
 g - a scroll of teleportation {unknown}
 k - 3 scrolls of identify {unknown}
 m - a scroll of fog {unknown}
 n - a scroll of random uselessness {unknown}
 s - a scroll of recharging {unknown}
 t - a scroll of noise {unknown}
Potions
 j - 2 potions of curing {unknown}
 o - a potion of lignification {unknown}
Comestibles
 f - 3 bread rations
 i - 7 chunks of flesh
 l - a meat ration
 r - a beef jerky


   Skills:
 + Level 4.3 Fighting
 + Level 3.1 Axes
 + Level 4.3 Armour
 + Level 1.8 Dodging
 + Level 0.1 Stealth
 + Level 4.8 Shields


You had 3 spell levels left.
You didn't know any spells.

Dungeon Overview and Level Annotations

Branches:
Dungeon (3/15)

Altars:


Innate Abilities, Weirdness & Mutations

You reflexively headbutt those who attack you in melee.
You have a pair of horns on your head.


Message History

You feel a bit more experienced.
You closely miss the orc wizard.
The orc wizard is moderately wounded.
You block the orc wizard's attack. You block the jackal's attack.
The orc wizard hits you but does no damage.
You block the jackal's attack.
You hit the orc wizard.
The orc wizard is severely wounded.
You hit the jackal.
You kill the jackal!
The orc wizard hits you but does no damage.
The jackal bites you.
* * * LOW HITPOINT WARNING * * *
The orc wizard barely misses you.
Your shield and scale mail prevent you from hitting the orc wizard.
Your headbutt misses the orc wizard.
The orc wizard is severely wounded.
You slash the jackal!
You kill the jackal!
You block the orc wizard's attack. The jackal bites you.
You die...

..................
...............###
...............# # ..
...............# ##!. ....
..............###.^.#.....
.......#.....##...# #.....
#...##.#.#.#.#..####......
..#. #.#.#.#....##.....".
..#. ..#.......o@hs#..# #
. #..........##oo..## .
#.....#.####..o>..#
.....#.# #.o....##
#.......##.....###
......###o...g# #####.
o......# ..#.....#
..##......


You could see an orc wizard, 3 orcs, a jackal and a giant cockroach.

Vanquished Creatures
  An orc wizard (D:3)
  3 adders (D:2)
  An ooze (D:1)
  2 worms (D:3)
  4 dart slugs
  A giant gecko (D:3)
  2 orcs (D:3)
  2 giant cockroaches
  5 goblins
  3 hobgoblins
  2 jackals (D:3)
  4 bats
  2 giant newts (D:2)
  10 kobolds
  10 rats
52 creatures vanquished.

Notes
Turn   | Place    | Note
--------------------------------------------------------------
     0 | D:1      | magog001 the Minotaur Fighter began the quest for the Orb.
     0 | D:1      | Reached XP level 1. HP: 19/19 MP: 0/0
   135 | D:1      | Reached XP level 2. HP: 25/27 MP: 1/1
   628 | D:2      | Reached XP level 3. HP: 27/33 MP: 2/2
   632 | D:2      | Found a faded altar to an unknown god.
   911 | D:2      | Reached XP level 4. HP: 34/40 MP: 3/3
  1063 | D:2      | Reached skill level 1 in Dodging
  1316 | D:3      | HP: 2/41 [orc wizard/puff of flame (9)]
  1320 | D:3      | Slain by a jackal

Skill      XL: |  1  2  3  4 |
---------------+-------------+-----
Shields        | 4 |  4.8
Fighting       | 4 |  4.3
Armour         | 4 |  4.3
Axes           | 3 |  3.1
Dodging        | 1 |  1.8
Stealth        | |  0.1

Action                   |  1- 3 |  4- 6 || total
-------------------------+-------+-------++-------
Melee: War axe           |    87 |    48 ||   135
       Headbutt          |     9 |     8 ||    17
  Use: Potion            |       |     1 ||     1
  Eat: Chunk             |       |     1 ||     1
Armor: Scale mail        |    55 |    18 ||    73
Dodge: Dodged            |    18 |    15 ||    33
Block: Shield            |    55 |    26 ||    81
